 Dungeon Crawl Stone Soup version 0.30.0-10-gfe55d96785 (webtiles) character file.

Game seed: 9910192483176918274

40 AlmostDecent the Shooter (level 3, 0/21 HPs)
             Began as a Gargoyle Hunter on May 14, 2023.
             Constricted to death by Sigmund (3 damage)
             ... on level 2 of the Dungeon.
             The game lasted 00:02:50 (1015 turns).

AlmostDecent the Shooter (Gargoyle Hunter)          Turns: 1015, Time: 00:02:50

Health: 0/21       AC:  9    Str: 14    XL:     3   Next: 50%
Magic:  3/3        EV:  8    Int:  9    God:
Gold:   51         SH:  0    Dex: 15    Spells: 2/2 levels left

rFire   . . .        a - +0 shortbow
rCold   . . .        (shield currently unavailable)
rNeg    + . .        i - +0 ring mail
rPois   ∞            (no helmet)
rElec   +            g - +0 cloak
rCorr   .            (no gloves)
SInv    .            (no boots)
Will    .....        (no amulet)
Stlth   +            (no ring)
HPRegen 0.23/turn    (no ring)
MPRegen 0.08/turn

%: no passive effects
@: grasped by roots, hasted, constricted, very quick
A: sickness immunity, AC +3, negative energy resistance 1, electricity
resistance, torment resistance 1, petrification resistance
a: no special abilities


You were on level 2 of the Dungeon.
You visited 1 branch of the dungeon, and saw 2 of its levels.

You collected 51 gold pieces.

Inventory:

Hand Weapons
 a - a +0 shortbow (weapon)
Armour
 g - a +0 cloak (worn)
 i - a +0 ring mail (worn)
Scrolls
 b - a scroll of immolation
 c - a scroll of enchant armour {unknown}
 e - a scroll of enchant weapon {unknown}
 f - a scroll of poison {unknown}
 k - a scroll of vulnerability {unknown}
 m - a scroll of identify {unknown}
Potions
 d - a potion of curing {unknown}
 h - a potion of lignification {unknown}
 j - a potion of haste
 l - a potion of degeneration {unknown}


   Skills:
 + Level 2.3 Fighting
 + Level 5.0 Ranged Weapons
 + Level 0.5 Armour
 + Level 1.7 Dodging
 + Level 1.1 Stealth


You had 2 spell levels left.
You didn't know any spells.
Your spell library was empty.

Dungeon Overview and Level Annotations

Branches:
Dungeon (2/15)

Altars:

Annotations:
D:2 Sigmund


Innate Abilities, Weirdness & Mutations

You are immune to sickness and miasma.
Your stone body is resilient. (AC +3)
You are immune to poison.
You resist negative energy. (rN+)
You are resistant to electric shocks. (rElec)
You are resistant to unholy torment.
You are immune to petrification.


Message History

Deactivating autopickup; reactivate with Ctrl-A.
You are constricted.
You shoot an arrow. The arrow barely misses the goblin.
You are constricted. x2
The grasping roots release their grip on you.
You shoot an arrow. The arrow hits the goblin!
You kill the goblin!
Your Ranged Weapons skill increases to level 5!
You shoot an arrow.
You hear some strange, mumbled words.
Something tries to affect you, but you resist.
A magic dart appears from out of thin air!
The magic dart hits you.
You shoot an arrow. The arrow hits the hobgoblin.
The hobgoblin is severely wounded.
Something hits you but does no damage.
You shoot an arrow.
The arrow hits the hobgoblin but does no damage.
The hobgoblin is severely wounded.
Something hits you.
You are too injured to fight recklessly!
You are too injured to fight recklessly!
You are too injured to fight recklessly!
You are too injured to fight recklessly!
It was a potion of haste.
You feel yourself speed up.
Fire: a) +0 shortbow
Press: ? - help, Q - select action Shift-Dir - straight line, f - rat, p - hobgoblin
Aim: a rat (62% to hit)
You shoot an arrow. The arrow hits the rat!
You kill the rat!
Something hits you!
* * * LOW HITPOINT WARNING * * *
Fire: a) +0 shortbow
Press: ? - help, Q - select action Shift-Dir - straight line, f - hobgoblin
Aim: a hobgoblin (heavily wounded, 62% to hit)
You shoot an arrow.
You hear a zap.
The roots erupt in riotous growth!
The grasping roots grab you!
You are constricted.
You die...

.. .. .. .. #. .. #
#. ##. . .## #.#..
... ... ... ....
#.##.##.....
#...@){g....
###..##.#... # ##..##
#####.##..##
..........##
....##....##.#
#..........##.#
.........#.##.####...
....#.#..#.#.........


You could see a hobgoblin.

Vanquished Creatures
  2 dart slugs (D:1)
  A ball python (D:1)
  An endoplasm (D:1)
  A hobgoblin (D:1)
  2 jackals (D:1)
  4 quokkas (D:1)
  3 bats
  4 goblins
  11 kobolds
  7 rats
36 creatures vanquished.

Notes
Turn   | Place    | Note
-------+----------+-------------------------------------------
     0 | D:1      | AlmostDecent the Gargoyle Hunter began the quest for the
                  | Orb.
     0 | D:1      | Reached XP level 1. HP: 12/12 MP: 1/1
   165 | D:1      | Reached XP level 2. HP: 17/17 MP: 2/2
   471 | D:1      | Reached XP level 3. HP: 21/21 MP: 3/3
  1003 | D:2      | Noticed Sigmund
  1010 | D:2      | Reached skill level 5 in Ranged Weapons
  1015 | D:2      | Constricted to death by Sigmund

Illustrated notes

Levels and vault maps discovered:
D:1:      psy_arrival_radial01, layout_loops_ring, lexackson_kobold_supper
D:2:      layout_basic, basic_altar, uniq_sigmund

Skill      XL: |  1  2  3 |
---------------+----------+-----
Ranged Weapons | 5 |  5.0
Fighting       | |  2.3
Armour         | |  0.5
Dodging        | |  1.7
Stealth        | |  1.1

Action                     || total
---------------------------++-------
   Fire: Shortbow          ||    93
    Use: Potion            ||     1
 Armour: Leather armour    ||     3
         Ring mail         ||    14
  Dodge: Dodged            ||    22
